 Dungeon Crawl Stone Soup version 0.26-a0-52-gd53d4cd058 (webtiles) character file.

Game seed: 7658709952512690611

7 Aramant the Skirmisher (level 2, 0/19 HPs)
             Began as a Gargoyle Fighter on June 5, 2020.
             Killed from afar by an orc wizard (7 damage)
             ... with a puff of flame
             ... on level 3 of the Dungeon.
             The game lasted 00:01:46 (228 turns).

Aramant the Skirmisher (Gargoyle Fighter)            Turns: 228, Time: 00:01:48

Health: 0/19       AC:  9    Str: 19    XL:     2   Next: 0%
Magic:  2/2        EV:  7    Int:  8    God:
Gold:   4          SH:  9    Dex:  9    Spells: 1/1 levels left

rFire    . . .     SeeInvis .   a - +0 flail
rCold    . . .     Gourm    .   c - +0 kite shield
rNeg     + . .     Faith    .   b - +0 scale mail
rPois    ∞         Spirit   .   (no helmet)
rElec    +         Reflect  .   (no cloak)
rCorr    .         Harm     .   (no gloves)
MR       .....                  (no boots)
Stlth    ..........             (no amulet)
HPRegen  0.06/turn              (no ring)
MPRegen  0.08/turn              (no ring)

@: no status effects
A: negative energy resistance 1, electricity resistance, unbreathing,
petrification resistance, rot immunity, AC +2
a: no special abilities


You were on level 3 of the Dungeon.
You were not hungry.

You visited 1 branch of the dungeon, and saw 3 of its levels.

You collected 4 gold pieces.

Inventory:

Hand Weapons
 a - a +0 flail (weapon)
Armour
 b - a +0 scale mail (worn)
 c - a +0 kite shield (worn)
Scrolls
 e - a scroll of magic mapping {unknown}
Potions
 d - a potion of might
Comestibles
 f - 2 rations
 g - a chunk of flesh


   Skills:
 + Level 3.5 Fighting
 + Level 2.0 Maces & Flails
 + Level 3.3 Armour
 + Level 3.4 Shields


You had one spell level left.
You didn't know any spells.
Your spell library was empty.

Dungeon Overview and Level Annotations

Branches:
Dungeon (3/15)

Altars:


Innate Abilities, Weirdness & Mutations

You are resistant to torment.
Your stone body is resilient. (AC +2)
You are immune to poison.
You resist negative energy. (rN+)
You are resistant to electric shocks. (rElec)
You can survive without breathing.
You are immune to petrification.
You are immune to rotting.


Message History

The orc wizard looks encouraged for a moment.
Something hits you but does no damage. The orc closely misses you.
The orc wizard hits you but does no damage.
You closely miss the orc wizard.
The orc wizard hits you but does no damage.
Something hits you but does no damage. The orc hits you but does no damage.
The orc wizard hits you but does no damage.
You hit the orc wizard but do no damage.
The orc wizard gestures at you while chanting.
The puff of frost hits you! Something hits you but does no damage.
You block the orc's attack.
The orc wizard hits you but does no damage.
Something hits you.
You sock the orc wizard!
The orc wizard is severely wounded.
You block the orc wizard's attack. The orc hits you but does no damage.
Something hits you but does no damage.
The orc wizard gestures at you while chanting.
The puff of flame hits you!
You die...

#........
#.......#
#.......#
#.......#
#.......#
#..o...#
#..oo..#
#@# #.#
#.# #.#
#.# #.#
#.# #.#
#.#


You could see an orc wizard (fast) and 2 orcs.

Vanquished Creatures
  A bat (D:1)
  2 goblins (D:1)
  A hobgoblin (D:1)
  A kobold (D:1)
  A rat (D:1)
6 creatures vanquished.

Notes
Turn   | Place    | Note
-------+----------+-------------------------------------------
     0 | D:1      | Aramant the Gargoyle Fighter began the quest for the Orb.
     0 | D:1      | Reached XP level 1. HP: 14/14 MP: 1/1
   116 | D:1      | Reached XP level 2. HP: 13/19 MP: 2/2
   228 | D:3      | Killed from afar by an orc wizard

Illustrated notes

Levels and vault maps discovered:
D:1:      nzn_arrival_settlement, layout_loops_ring, kennysheep_flooded_box,
          hex_tiny
D:2:      layout_rooms, grunt_temple_overflow_open, serial_co_window_serial,
          co_window_of_opportunity_a, co_window_cross_1, co_window_corner_a,
          co_window_cross_1, co_window_paths_b, co_window_paths_a,
          co_window_paths_b, co_window_corner_cb, co_window_broadway_a,
          co_window_broadway_a, co_window_2corner, co_window_4corner_a,
          glass_columns_a, minmay_misc_feat_nine_boxes, kennysheep_minor_cross
D:3:      layout_basic, grunt_dithmenos_smoke, grunt_decor_resistance

Action                   || total
-------------------------++-------
Melee: Flail             ||    30
Armor: Scale mail        ||    44
Dodge: Dodged            ||    15
Block: Kite shield       ||    25

Table legend:
 A = Non-vault XP
 B = Vault XP
 C = Vault XP percentage of total XP
 D = Non-vault monster count
 E = Vault monster count
 F = Vault count percentage of total count
                 A         B        C        D         E       F
            +---------+---------+-------+---------+---------+-------
      Total |      10 |       0 |   0.0 |       6 |       0 |   0.0
            +---------+---------+-------+---------+---------+-------
        D:1 |      10 |       0 |   0.0 |       6 |       0 |   0.0
            +---------+---------+-------+---------+---------+-------
